 Dungeon Crawl Stone Soup version 0.19-a0-1587-gaef70b6 (webtiles) character file.

34 graymark the Magician (level 3, -4/24 HPs)
             Began as a Demonspawn Wizard on Sept 16, 2016.
             Slain by a quokka (5 damage)
             ... on level 2 of the Dungeon.
             The game lasted 00:05:50 (2127 turns).

graymark the Magician (Demonspawn Wizard)           Turns: 2127, Time: 00:05:51

Health: -4/24      AC:  4    Str:  7    XL:     3   Next: 14%
Magic:  0/7        EV: 12    Int: 20    God:
Gold:   53         SH:  0    Dex: 11    Spells: 2 memorised, 5 levels left

rFire  . . .     SeeInvis .     (no weapon)
rCold  . . .     Gourm    .     a - +0 robe
rNeg   . . .     Faith    .     (no shield)
rPois  .         Spirit   .     b - +0 hat
rElec  .         Dismiss  .     (no cloak)
rCorr  .         Reflect  .     o - +0 pair of gloves
MR     .....     Harm     .     (no boots)
Stlth  ++........               (no amulet)
                                (no ring)
                                (no ring)

@: very slightly contaminated
A: rugged brown scales 1, demonic guardian 1
a: no special abilities


You were on level 2 of the Dungeon.
You were not hungry.

You visited 1 branch of the dungeon, and saw 2 of its levels.

You collected 53 gold pieces.

Inventory:

Armour
 a - a +0 robe (worn)
 b - a +0 hat (worn)
 o - a +0 pair of gloves (worn)
Scrolls
 e - a scroll of fear
 g - 2 scrolls of remove curse
 i - a scroll of magic mapping {unknown}
 k - a scroll of blinking {unknown}
 m - a scroll of identify
 n - a scroll of amnesia {unknown}
Potions
 f - a potion of magic
 p - a potion of lignification {unknown}
 q - a potion of agility {unknown}
Books
 c - a book of Minor Magic

   Spells                             Type                      Level
   a - Magic Dart                     Conjuration                  1
   b - Blink                          Translocation                2
   c - Call Imp                       Summoning                    2
   d - Repel Missiles                 Charms/Air                   2
   e - Slow                           Hexes                        2
   f - Conjure Flame                  Conjuration/Fire             3
   g - Mephitic Cloud                 Conjuration/Poison/Air       3
Comestibles
 d - a bread ration
 h - 5 fruits
 j - a royal jelly
 l - a meat ration


   Skills:
 + Level 2.1 Dodging
 + Level 2.6 Stealth
 + Level 3.2 Spellcasting
 + Level 1.4 Conjurations
   Level 1.0 Summonings
 - Level 0.8 Translocations


You had 5 spell levels left.
You knew the following spells:

 Your Spells              Type           Power        Failure   Level  Hunger
a - Magic Dart            Conj           #...         10%         1    None
b - Blink                 Tloc           N/A          17%         2    ##.....


Dungeon Overview and Level Annotations

Branches:
Dungeon (2/15)

Altars:


Innate Abilities, Weirdness & Mutations

You are partially covered in rugged brown scales. (AC +1, +3% HP)
A weak demonic guardian rushes to your aid.


Message History

You closely miss the quokka.
The quokka bites you but does no damage.
The quokka bites you.
* * * LOW HITPOINT WARNING * * *
You barely miss the quokka.
The quokka bites you but does no damage.
Casting: Magic Dart
Confirm with . or Enter, or press ? or * to list all spells.
You don't have enough magic to cast that spell.
You barely miss the quokka. The quokka closely misses you.
Okay, then.
Casting: Magic Dart
Confirm with . or Enter, or press ? or * to list all spells.
Aiming: Magic Dart
Press: ? - help, Shift-Dir - straight line, f/p - quokka
Aim: a quokka You miscast Magic Dart.
You are very lightly contaminated with residual magic.
Nothing appears to happen.
The quokka bites you.
You die...

#.# #.# #.#
###.## #....#
#.##.# ... #.#
...## #.##
≈≈..( #@.# #
≈≈≈.
##r###.#####
### #†#.r......
#..#..##.##
########
##.#.....
#...(#.#
#.##.##...
####.#.######.#
.# ..
#...##...#.##.#
#
#.#.##...#..#.#


You could see a quokka.

Vanquished Creatures
  2 dart slugs
  A leopard gecko (D:2)
  3 giant cockroaches
  2 goblins
  7 hobgoblins (D:1)
  3 jackals
  A ball python (D:1)
  2 kobolds (D:2)
  6 rats
27 creatures vanquished.

Notes
Turn   | Place    | Note
-------+----------+-------------------------------------------
     0 | D:1      | graymark the Demonspawn Wizard began the quest for the Orb.
     0 | D:1      | Reached XP level 1. HP: 13/13 MP: 4/4
   497 | D:1      | Gained mutation: You are partially covered in rugged brown scales. (AC +1, +3% HP) [demonic ancestry]
   497 | D:1      | Reached XP level 2. HP: 13/19 MP: 0/6
  1982 | D:2      | Gained mutation: A weak demonic guardian rushes to your aid. [demonic ancestry]
  1982 | D:2      | Reached XP level 3. HP: 23/24 MP: 5/7
  2000 | D:2      | Learned a level 2 spell: Blink
  2123 | D:2      | HP: 1/24 [quokka (5)]
  2127 | D:2      | Slain by a quokka

Vault maps used:
D:1:      dpeg_arrival_oval
D:2:      minmay_kobold_bridge, uniq_sigmund

Skill      XL: |  1 |
---------------+----+-----
Dodging        | 2 |  2.1
Stealth        | 2 |  2.6
Spellcasting   | |  3.2
Conjurations   | |  1.4
Summonings     | |  1.0
Translocations | |  0.8

Action                   || total
-------------------------++-------
Melee: Unarmed           ||   121
 Cast: Magic Dart        ||    73
  Use: Scroll            ||     3
  Eat: Chunk             ||     4
Armor: Robe              ||    38
Dodge: Dodged            ||   106
